 Dungeon Crawl Stone Soup version 0.31-a0-214-gb37851dbb3 (webtiles) character file.

Game seed: 13316689207499767167

80 qw the Shooter (level 4, 0/26 HPs)
             Began as a Gargoyle Hexslinger on July 1, 2023.
             Killed by divine providence
             ... invoked by an orc priest
              (10 damage)
             ... on level 3 of the Dungeon.
             The game lasted 00:00:39 (1991 turns).

qw the Shooter (Gargoyle Hexslinger)                Turns: 1991, Time: 00:00:39

Health: 0/26       AC: 11    Str: 12    XL:     4   Next: 39%
Magic:  5/5        EV: 10    Int: 13    God:
Gold:   93         SH:  0    Dex: 14    Spells: 4/5 levels left

rFire   . . .        Y - +1 sling
rCold   . . .        (no shield)
rNeg    + . .        k - +0 ring mail
rPois   inf          (no helmet)
rElec   +            c - +1 cloak
rCorr   .            (no gloves)
SInv    .            d - +0 pair of boots
Will    .....        (no amulet)
Stlth   +            (no ring)
HPRegen 0.24/turn    (no ring)
MPRegen 0.09/turn

%: no passive effects
@: no status effects
A: sickness immunity, AC +3, negative energy resistance 1, electricity
resistance, torment resistance 1, petrification resistance
a: no special abilities


You were on level 3 of the Dungeon.
You visited 1 branch of the dungeon, and saw 3 of its levels.

You collected 93 gold pieces.


Innate Abilities, Weirdness & Mutations

You are immune to sickness and miasma.
Your stone body is resilient. (AC +3)
You are immune to poison.
You resist negative energy. (rN+)
You are resistant to electric shocks. (rElec)
You are resistant to unholy torment.
You are immune to petrification.


   Skills:
 - Level 2.0 Fighting
 + Level 3.9 Ranged Weapons
 - Level 1.2 Armour
 - Level 1.5 Dodging
 - Level 1.0 Spellcasting
 - Level 2.6 Hexes


You had 4 spell levels left.
You knew the following spells:

 Your Spells              Type           Power      Damage    Failure   Level
a - Slow                  Hex            28%        N/A       22%         1

Your spell library contained the following spells:

 Spells                   Type           Power      Damage    Failure   Level
 Inner Flame              Hex/Fire       4%         N/A       73%         3
 Portal Projectile        Hex/Tloc       8%         N/A       73%         3
 Cause Fear               Hex            3%         N/A       91%         4

Inventory:

Hand Weapons
 Y - a +1 sling (weapon)
Armour
 c - a +1 cloak (worn)
 d - a +0 pair of boots (worn)
 k - a +0 ring mail (worn)
Scrolls
 f - a scroll of teleportation
Potions
 h - a potion of berserk rage {unknown}
 i - a potion of heal wounds {unknown}

Dungeon Overview and Level Annotations

Branches:
Dungeon (3/15)

Altars:


Message History

You shoot a sling bullet.
The sling bullet barely misses the orc priest.
You shoot a sling bullet. The sling bullet hits the orc priest.
The orc priest is lightly wounded.
You shoot a sling bullet.
The sling bullet closely misses the orc priest.
You hear a shout!
The orc priest hits you but does no damage.
The orc priest barely misses you.
An orc comes into view. It is wielding a +0 dagger.
You hear a shout!
You shoot a sling bullet. The sling bullet hits the orc priest.
The orc priest is moderately wounded.
The orc priest hits you but does no damage.
You shoot a sling bullet.
The sling bullet closely misses the orc priest.
The sling bullet barely misses the orc.
An orc priest comes into view. It is wielding a +0 flail.
The orc priest hits you but does no damage.
You shoot a sling bullet. The sling bullet hits the orc priest.
The orc priest is heavily wounded.
The orc priest hits you with a +0 war axe!
You shoot a sling bullet. The sling bullet barely misses the orc.
The sling bullet closely misses the orc priest.
An orc priest comes into view. It is wielding a +0 hand axe.
The orc closely misses you.
You shoot a sling bullet. The sling bullet hits the orc!
You kill the orc!
You shoot a sling bullet. The sling bullet hits the orc priest.
The orc priest is almost dead.
The orc priest mumbles some strange prayers to Beogh against you.
Pain shoots through your body!
The orc priest calls upon Beogh to heal the orc priest.
The orc priest is healed somewhat.
The orc priest looks satisfied for a moment.
You shoot a sling bullet. The sling bullet hits the orc priest!
The orc priest is almost dead.
The orc priest invokes the aid of Beogh against you.
Beogh smites you!
You die...

.. .. .. #. ###o . #o.
.. #o# ...####@#
..............####
..................###
.............##.......#
.............##.......#
..........>...........#
.......<..............#
............####'######
.........()........#


You could see 3 orc priests.

Vanquished Creatures
  3 adders (D:2)
  A dart slug (D:1)
  5 orcs (D:3)
  An endoplasm (D:1)
  A giant cockroach (D:2)
  9 goblins
  6 hobgoblins
  A kobold (D:1)
  2 quokkas
  3 ball pythons
  5 bats
  4 frilled lizards
  4 rats
45 creatures vanquished.

Notes
Turn   | Place    | Note
-------+----------+-------------------------------------------
     0 | D:1      | qw the Gargoyle Hexslinger began the quest for the Orb.
     0 | D:1      | Reached XP level 1. HP: 12/12 MP: 2/2
     0 | D:1      | 0 ||| qw: Version: 0.3-a-32-g5962c71
     0 | D:1      | 0 ||| qw: Game counter: 7569
     0 | D:1      | 0 ||| qw: Melee chars always use a shield: true
     0 | D:1      | 0 ||| qw: God list: Okawaru
     0 | D:1      | 0 ||| qw: Allow faded altars: false
     0 | D:1      | 0 ||| qw: Do Orc after clearing Dungeon:15 true
     0 | D:1      | 0 ||| qw: Do second Lair branch before Depths: true
     0 | D:1      | 0 ||| qw: Lair rune preference: random
     0 | D:1      | 0 ||| qw: Goals: Normal
     0 | D:1      | 0 ||| PLANNING D:1-11
   141 | D:1      | Reached XP level 2. HP: 12/16 MP: 3/3
   366 | D:1      | Reached skill level 3 in Ranged Weapons
   778 | D:1      | Reached XP level 3. HP: 21/21 MP: 4/4
   872 | D:1      | 872 ||| UPGRADING to +0 pair of boots.
   877 | D:1      | 877 ||| UPGRADING to +0 ring mail.
   887 | D:1      | 887 ||| DROPPING +0 robe.
   888 | D:1      | 888 ||| DROPPING +6 ring of intelligence.
   889 | D:1      | 889 ||| READING scroll labelled ZINEICS NODDAE.
   890 | D:1      | 890 ||| READING 2 scrolls labelled LUEPSE ZOROXA.
   894 | D:1      | 894 ||| READING scroll labelled QORROTW TOATOA.
   895 | D:1      | 895 ||| DROPPING scroll of poison.
   985 | D:2      | Reached skill level 1 in Armour
  1512 | D:2      | Reached XP level 4. HP: 21/26 MP: 5/5
  1863 | D:2      | 1863 ||| UPGRADING to +1 cloak.
  1868 | D:2      | 1868 ||| READING 4 scrolls labelled NARGHI BISALUP.
  1869 | D:2      | 1869 ||| READING scroll labelled ZATEDAPRAO.
  1870 | D:2      | 1870 ||| DROPPING 3 scrolls of fog.
  1991 | D:3      | Killed from afar by an orc priest

Levels and vault maps discovered:
D:1:      scummos_arrival_simple_crosswalls, layout_loops_corners
D:2:      layout_loops_corners
D:3:      layout_basic, mainiacjoe_overflow_chevrons,
          minmay_overflow_temple_star_quad, ebering_ecumenical_altar_box,
          due_unseen_surprise

Skill      XL: |  1  2  3 |
---------------+----------+-----
Ranged Weapons | 3 |  3.9
Fighting       | 2 |  2.0
Armour         | 1 |  1.2
Dodging        | |  1.5
Spellcasting   | |  1.0
Hexes          | |  2.6

Action                     |  1- 3 |  4- 6 || total
---------------------------+-------+-------++-------
   Fire: Sling             |   129 |    29 ||   158
    Use: Scroll            |     3 |     2 ||     5
 Armour: Robe              |    10 |       ||    10
         Ring mail         |    41 |     6 ||    47
  Dodge: Dodged            |    51 |     7 ||    58

Table legend:
 A = Non-vault XP
 B = Vault XP
 C = Vault XP percentage of total XP
 D = Non-vault monster count
 E = Vault monster count
 F = Vault count percentage of total count
                 A         B        C        D         E       F
            +---------+---------+-------+---------+---------+-------
      Total |     115 |       0 |   0.0 |      45 |       0 |   0.0
            +---------+---------+-------+---------+---------+-------
        D:1 |      35 |       0 |   0.0 |      21 |       0 |   0.0
        D:2 |      64 |       0 |   0.0 |      18 |       0 |   0.0
        D:3 |      16 |       0 |   0.0 |       6 |       0 |   0.0
            +---------+---------+-------+---------+---------+-------
